APL (24 & UNDER)
BEAVERTON BRONZE SOULS @ NASHUA REDLEGS
09/01/2030
 
TOP OF THE 1ST
Beaverton Bronze Souls batting - Pitching for Nashua Redlegs : LHP Alberto Ledezma
Pitching: LHP Alberto Ledezma
Batting: LHB Cisco Gallegos 0-0: Ball
1-0: Ground out 6-3 (Groundball, 56)
Batting: LHB José Guillén 0-0: Ground out 4-3 (Groundball, 4)
Batting: RHB Steve Smith 0-0: Called Strike
0-1: Swinging Strike
0-2: Ball
1-2: SOLO HOME RUN (Flyball, 7LD), Distance : 330 ft
Batting: RHB Dan Cross 0-0: Ground out 1-3 (Groundball, 13)
Top of the 1st over - 1 run, 1 hit, 0 errors, 0 left on base; Beaverton 1 - Nashua 0
BOTTOM OF THE 1ST
Nashua Redlegs batting - Pitching for Beaverton Bronze Souls : RHP Juan García
Pitching: RHP Juan García
Batting: RHB José Luján 0-0: Foul Ball, location: 2F
0-1: Ball
1-1: Ground out U3 (Groundball, 3L)
Batting: RHB Ánibal Barrios 0-0: Called Strike
0-1: Swinging Strike
0-2: Ball
1-2: Fly out, F8 (Flyball, 8RM)
Batting: RHB Joe Noble 0-0: Ball
1-0: Called Strike
1-1: Ball
2-1: Swinging Strike
2-2: Foul Ball, location: 2F
2-2: Ball
3-2: Fly out, F7 (Flyball, 7)
Bottom of the 1st over - 0 runs, 0 hits, 0 errors, 0 left on base; Beaverton 1 - Nashua 0
TOP OF THE 2ND
Beaverton Bronze Souls batting - Pitching for Nashua Redlegs : LHP Alberto Ledezma
Batting: RHB Luis Carranza 0-0: SINGLE (Popup, 3D)
Batting: RHB Pedro Rivera 0-0: Ball
1-0: Ball
2-0: Called Strike
2-1: SINGLE (Groundball, 34D)
Luis Carranza to second
Runner from 2nd tries for 3rd, SAFE, no throw
Batting: RHB José Dávila 0-0: Called Strike
0-1: Ball
1-1: Swinging Strike
1-2: Ball
2-2: Ball
3-2: Foul Ball, location: 2F
3-2: Foul Ball, location: 2F
3-2: SINGLE (Line Drive, 34)
Luis Carranza scores
Pedro Rivera to second
Batting: RHB Cameron Irwin 0-0: Foul Ball, location: 2F
0-1: SINGLE (Line Drive, 6M)
Pedro Rivera to third
José Dávila to second
Batting: RHB José López 0-0: Called Strike
0-1: Ball
1-1: Ball
2-1: Swinging Strike
2-2: Strikes out looking
Batting: LHB Cisco Gallegos 0-0: Grounds into double play, 5-4-3 (Groundball, 5)
Top of the 2nd over - 1 run, 4 hits, 0 errors, 2 left on base; Beaverton 2 - Nashua 0
BOTTOM OF THE 2ND
Nashua Redlegs batting - Pitching for Beaverton Bronze Souls : RHP Juan García
Batting: RHB Katsuhito Ohayashi 0-0: Foul Ball, location: 2F
0-1: Called Strike
0-2: Ball
1-2: SINGLE (Flyball, 8RS)
Batting: RHB Bob Fitzgerald 0-0: Called Strike
0-1: Ball
1-1: Ball
2-1: Called Strike
2-2: Foul Ball, location: 2F
2-2: Fly out, F7 (Flyball, 7)
Batting: RHB Currito Campos 0-0: Ball
1-0: Fly out, F8 (Flyball, 8LS)
Batting: LHB Alonso Carbajal 0-0: Ball
1-0: Fielders Choice at 2nd, 5-4 (Groundball, 56)
Bottom of the 2nd over - 0 runs, 1 hit, 0 errors, 1 left on base; Beaverton 2 - Nashua 0
TOP OF THE 3RD
Beaverton Bronze Souls batting - Pitching for Nashua Redlegs : LHP Alberto Ledezma
Batting: LHB José Guillén 0-0: Ball
1-0: Foul Ball, location: 2F
1-1: Ground out 5-3 (Groundball, 56)
Batting: RHB Steve Smith 0-0: Foul Ball, location: 2F
0-1: Foul Ball, location: 2F
0-2: Strikes out swinging
Batting: RHB Dan Cross 0-0: Ball
1-0: Ball
2-0: Called Strike
2-1: Called Strike
2-2: Ball
3-2: Foul Ball, location: 2F
3-2: SINGLE (Groundball, 6M) (infield hit)
Batting: RHB Luis Carranza 0-0: Ball
1-0: Ground out 6-3 (Groundball, 6)
Top of the 3rd over - 0 runs, 1 hit, 0 errors, 1 left on base; Beaverton 2 - Nashua 0
BOTTOM OF THE 3RD
Nashua Redlegs batting - Pitching for Beaverton Bronze Souls : RHP Juan García
Batting: RHB Ben Byrd 0-0: Foul Ball, location: 2F
0-1: Ball
1-1: Foul Ball, location: 2F
1-2: Ball
2-2: Ball
3-2: Ground out 6-3 (Groundball, 6)
Batting: RHB Carlos Villagrama 0-0: Ball
1-0: Foul Ball, location: 2F
1-1: Ball
2-1: Single, Error in OF, E8, batter to second base
Batting: RHB José Luján 0-0: Ball
1-0: SINGLE (Line Drive, 89S)
Carlos Villagrama to third
Runner from 3rd tries for Home, SAFE, no throw
Batting: RHB Ánibal Barrios 0-0: Ball
1-0: Called Strike
1-1: Ball
2-1: Foul Ball, location: 2F
2-2: Ball
José Luján steals 2nd base
3-2: SINGLE (Groundball, 23) (infield hit)
José Luján to third
Batting: RHB Joe Noble 0-0: Called Strike
0-1: Ball
Ánibal Barrios is caught stealing 2nd base
1-1: Foul Ball, location: 2F
1-2: Ball
2-2: Foul Ball, location: 2F
2-2: Ground out 6-3 (Groundball, 6)
Bottom of the 3rd over - 1 run, 3 hits, 1 error, 1 left on base; Beaverton 2 - Nashua 1
TOP OF THE 4TH
Beaverton Bronze Souls batting - Pitching for Nashua Redlegs : LHP Alberto Ledezma
Batting: RHB Pedro Rivera 0-0: Fly out, F6 (Line Drive, 6)
Batting: RHB José Dávila 0-0: Ground out 4-3 (Groundball, 4MS)
Batting: RHB Cameron Irwin 0-0: Foul Ball, location: 2F
0-1: Ball
1-1: Ball
2-1: Called Strike
2-2: Ball
3-2: Base on Balls
Batting: RHB José López 0-0: Ball
1-0: Foul Ball, location: 2F
1-1: Ball
Cameron Irwin is caught stealing 2nd base
Top of the 4th over - 0 runs, 0 hits, 0 errors, 0 left on base; Beaverton 2 - Nashua 1
BOTTOM OF THE 4TH
Nashua Redlegs batting - Pitching for Beaverton Bronze Souls : RHP Juan García
Batting: RHB Katsuhito Ohayashi 0-0: Fly out, F9 (Flyball, 9)
Batting: RHB Bob Fitzgerald 0-0: Called Strike
0-1: Ground out 4-3 (Groundball, 4M)
Batting: RHB Currito Campos 0-0: Ball
1-0: Called Strike
1-1: Ball
2-1: Ball
3-1: Fly out, F9 (Flyball, 89S)
Bottom of the 4th over - 0 runs, 0 hits, 0 errors, 0 left on base; Beaverton 2 - Nashua 1
TOP OF THE 5TH
Beaverton Bronze Souls batting - Pitching for Nashua Redlegs : LHP Alberto Ledezma
Batting: RHB José López 0-0: Called Strike
0-1: Foul Ball, location: 2F
0-2: Ball
1-2: Ground out 6-3 (Groundball, 6)
Batting: LHB Cisco Gallegos 0-0: Ground out 6-3 (Groundball, 6M)
Batting: LHB José Guillén 0-0: SINGLE (Flyball, 8RS)
Batting: RHB Steve Smith 0-0: Called Strike
José Guillén is caught stealing 2nd base
Top of the 5th over - 0 runs, 1 hit, 0 errors, 0 left on base; Beaverton 2 - Nashua 1
BOTTOM OF THE 5TH
Nashua Redlegs batting - Pitching for Beaverton Bronze Souls : RHP Juan García
Batting: LHB Alonso Carbajal 0-0: Called Strike
0-1: Foul Ball, location: 2F
0-2: Ball
1-2: SINGLE (Line Drive, 78M)
Batting: RHB Ben Byrd 0-0: Called Strike
0-1: Fly out, F7 (Flyball, 7S)
Batting: RHB Carlos Villagrama 0-0: Called Strike
0-1: Ball
1-1: Ball
2-1: Swinging Strike
2-2: Foul Ball, location: 2F
2-2: Foul Ball, location: 2F
2-2: Strikes out swinging
Batting: RHB José Luján 0-0: Ball
1-0: Ball
2-0: Fielders Choice at 2nd, 6-4 (Groundball, 6)
Bottom of the 5th over - 0 runs, 1 hit, 0 errors, 1 left on base; Beaverton 2 - Nashua 1
TOP OF THE 6TH
Beaverton Bronze Souls batting - Pitching for Nashua Redlegs : LHP Alberto Ledezma
Batting: RHB Steve Smith 0-0: Called Strike
0-1: Ball
1-1: Foul Ball, location: 2F
1-2: Ball
2-2: Ball
3-2: SOLO HOME RUN (Line Drive, 78XD), Distance : 429 ft
Batting: RHB Dan Cross 0-0: Ground out 3-1 (Groundball, 34)
Batting: RHB Luis Carranza 0-0: Called Strike
0-1: SINGLE (Groundball, 56D)
Batting: RHB Pedro Rivera 0-0: SINGLE (Groundball, 34D)
Luis Carranza to second
Runner from 2nd tries for 3rd, SAFE, no throw
Batting: RHB José Dávila 0-0: Called Strike
0-1: SINGLE (Groundball, 4MD)
Luis Carranza scores
Pedro Rivera to second
Runner from 2nd tries for 3rd, SAFE, no throw
Pitching: RHP Vaughan Price
Batting: RHB Cameron Irwin 0-0: Ball
1-0: SINGLE (Line Drive, 78S)
Pedro Rivera scores
José Dávila to second
Batting: RHB José López 0-0: SINGLE (Flyball, 78S)
José Dávila to third
Cameron Irwin to second
Batting: LHB Cisco Gallegos 0-0: Fly out, F8 (Flyball, 8RM)
Runner from 3rd tags up, SCORES, throw made
Batting: LHB José Guillén 0-0: Ball
1-0: Ball
2-0: Ball
3-0: Called Strike
3-1: SINGLE (Groundball, 4MD)
Cameron Irwin to third
José López to second
Runner from 3rd tries for Home, throw and OUT!
Top of the 6th over - 4 runs, 7 hits, 0 errors, 2 left on base; Beaverton 6 - Nashua 1
BOTTOM OF THE 6TH
Nashua Redlegs batting - Pitching for Beaverton Bronze Souls : RHP Juan García
Batting: RHB Ánibal Barrios 0-0: Fly out, F8 (Flyball, 8LD)
Batting: RHB Joe Noble 0-0: DOUBLE (Groundball, 3L)
Batting: RHB Katsuhito Ohayashi 0-0: Ball
1-0: Ball
2-0: Ground out 5-3 (Groundball, 56)
Batting: RHB Bob Fitzgerald 0-0: Swinging Strike
0-1: Ball
1-1: Fly out, F9 (Line Drive, 9S)
Bottom of the 6th over - 0 runs, 1 hit, 0 errors, 1 left on base; Beaverton 6 - Nashua 1
TOP OF THE 7TH
Beaverton Bronze Souls batting - Pitching for Nashua Redlegs : RHP Vaughan Price
Batting: RHB Steve Smith 0-0: Ground out 4-3 (Groundball, 4)
Batting: RHB Dan Cross 0-0: Called Strike
0-1: Ball
1-1: Ground out 4-3 (Groundball, 4)
Batting: RHB Luis Carranza 0-0: Ball
1-0: Ball
2-0: SINGLE (Groundball, 56D)
Batting: RHB Pedro Rivera 0-0: Foul Ball, location: 2F
0-1: Called Strike
0-2: Ball
Luis Carranza steals 2nd base
1-2: Foul Ball, location: 2F
1-2: Foul Ball, location: 2F
1-2: 2-RUN HOME RUN (Flyball, 7LD), Distance : 324 ft
Batting: RHB José Dávila 0-0: Ball
1-0: Swinging Strike
1-1: Ball
2-1: Ball
3-1: Base on Balls
Batting: RHB Cameron Irwin 0-0: Fly out, F7 (Flyball, 7S)
Top of the 7th over - 2 runs, 2 hits, 0 errors, 1 left on base; Beaverton 8 - Nashua 1
BOTTOM OF THE 7TH
Nashua Redlegs batting - Pitching for Beaverton Bronze Souls : RHP Juan García
Batting: RHB Currito Campos 0-0: Ball
1-0: Ball
2-0: Ball
3-0: Base on Balls
Batting: LHB Alonso Carbajal 0-0: Swinging Strike
0-1: Fly out, F5 (Line Drive, 5S)
Batting: RHB Ben Byrd 0-0: Ball
1-0: Called Strike
1-1: Ball
2-1: SINGLE (Flyball, 7S)
Currito Campos to second
Batting: RHB Carlos Villagrama 0-0: Called Strike
0-1: Ball
1-1: Ball
2-1: Ball
3-1: Grounds into double play, 4-6-3 (Groundball, 4)
Bottom of the 7th over - 0 runs, 1 hit, 0 errors, 1 left on base; Beaverton 8 - Nashua 1
TOP OF THE 8TH
Beaverton Bronze Souls batting - Pitching for Nashua Redlegs : RHP Vaughan Price
Batting: RHB José López 0-0: Called Strike
0-1: Foul Ball, location: 2F
0-2: Ground out 6-3 (Groundball, 6)
Batting: LHB Cisco Gallegos 0-0: Ball
1-0: SINGLE (Groundball, 56D)
Batting: LHB José Guillén 0-0: Called Strike
0-1: Foul Ball, location: 2F
0-2: Ball
1-2: Ball
2-2: Fly out, F9 (Flyball, 9S)
Batting: RHB Steve Smith 0-0: Ball
1-0: Foul Ball, location: 2F
1-1: Foul Ball, location: 2F
1-2: Foul Ball, location: 2F
1-2: Ball
2-2: Foul Ball, location: 2F
2-2: Ball
3-2: Base on Balls
Cisco Gallegos to second
Batting: RHB Dan Cross 0-0: Foul Ball, location: 2F
0-1: Foul Ball, location: 2F
0-2: Ground out U3 (Groundball, 3)
Top of the 8th over - 0 runs, 1 hit, 0 errors, 2 left on base; Beaverton 8 - Nashua 1
BOTTOM OF THE 8TH
Nashua Redlegs batting - Pitching for Beaverton Bronze Souls : RHP Juan García
Batting: RHB José Luján 0-0: Foul Ball, location: 2F
0-1: Foul Ball, location: 2F
0-2: Ground out 5-3 (Groundball, 56S)
Batting: RHB Ánibal Barrios 0-0: Swinging Strike
0-1: Called Strike
0-2: Foul Ball, location: 2F
0-2: Foul Ball, location: 2F
0-2: Strikes out swinging
Batting: RHB Joe Noble 0-0: Ground out 1-3 (Groundball, P)
Bottom of the 8th over - 0 runs, 0 hits, 0 errors, 0 left on base; Beaverton 8 - Nashua 1
TOP OF THE 9TH
Beaverton Bronze Souls batting - Pitching for Nashua Redlegs : RHP Vaughan Price
Batting: RHB Luis Carranza 0-0: Ball
1-0: Ball
2-0: Fly out, F4 (Popup, 34D)
Batting: RHB Pedro Rivera 0-0: Ball
1-0: Ball
2-0: Ball
3-0: Base on Balls
Batting: RHB José Dávila 0-0: Called Strike
Pedro Rivera steals 2nd base
0-1: Called Strike
0-2: Ball
1-2: Foul Ball, location: 2F
1-2: SINGLE (Line Drive, 4M)
Pedro Rivera to third
Pitching: RHP David Hernández
Batting: RHB Cameron Irwin 0-0: Ball
1-0: Ball
2-0: Fly out, F2 (Popup, 23F)
Batting: RHB José López 0-0: Ball
1-0: Ball
2-0: Called Strike
2-1: Fielders Choice at 2nd, 5-4 (Groundball, 56)
Top of the 9th over - 0 runs, 1 hit, 0 errors, 2 left on base; Beaverton 8 - Nashua 1
BOTTOM OF THE 9TH
Nashua Redlegs batting - Pitching for Beaverton Bronze Souls : RHP Juan García
Pitching: LHP Martin Martin
Now in LF: Chris White
Now in RF: Vernon Harris
Batting: RHB Katsuhito Ohayashi 0-0: Called Strike
0-1: Ball
1-1: Ball
2-1: Swinging Strike
2-2: Ground out 6-3 (Groundball, 6)
Batting: RHB Bob Fitzgerald 0-0: Ball
1-0: Ball
2-0: Called Strike
2-1: Swinging Strike
2-2: Fly out, F8 (Flyball, 8RM)
Batting: RHB Currito Campos 0-0: Called Strike
0-1: Foul Ball, location: 2F
0-2: Strikes out swinging
Bottom of the 9th over - 0 runs, 0 hits, 0 errors, 0 left on base; Beaverton 8 - Nashua 1
Saturday, April 7th, 2018 - OOTP Baseball 18.8 Build 76